 Dungeon Crawl Stone Soup version 0.28.0-47-ge53b351184 (webtiles) character file.

Game seed: 11936579744066223975

4906 enile the Frost Mage (level 10, -2/88 HPs)
             Began as a Naga Ice Elementalist on May 6, 2022.
             Was an Elder of Ignis.
             Slain by an orc knight
             ... wielding a +0 war axe
              (28 damage)
             ... in a bailey.
             The game lasted 00:30:57 (11733 turns).

enile the Frost Mage (Naga Ice Elementalist)       Turns: 11733, Time: 00:30:57

Health: -2/88      AC:  5    Str: 11    XL:     10   Next: 51%
Magic:  3/17       EV: 11    Int: 23    God:    Ignis [****..]
Gold:   195        SH:  0    Dex: 14    Spells: 3/19 levels left

rFire   + + .      SeeInvis +   A - +3 scimitar (venom)
rCold   + . .      Faith    .   (no shield)
rNeg    . . .      Spirit   .   a - +1 robe
rPois   +          Reflect  .   (no helmet)
rElec   .          Harm     .   u - scarf {rC+ rF+}
rCorr   .          Rampage  .   (no gloves)
Will    +....                   (no barding)
Stlth   +++.......              F - amulet of regeneration
HPRegen 1.04/turn               f - +6 ring of intelligence
MPRegen 0.15/turn               (no ring)

@: mighty, very slightly contaminated, very slow
A: AC +3, large, see invisible, deformed body, poison resistance, slowness 2,
spit poison 1, naga tail 1
a: Spit Poison, Renounce Religion, Fiery Armour, Foxfire Swarm


You were in a bailey.
You worshipped Ignis.
Ignis was greatly pleased with you.
You visited 1 branch of the dungeon, and saw 9 of its levels.
You also visited: Bailey.

You collected 415 gold pieces.
You spent 220 gold pieces at shops.

Inventory:

Hand Weapons
 b - a +1 dagger
 j - a +0 long sword
 p - a +2 short sword of protection
 t - a +1 scythe of flaming
 y - a +0 morningstar
 A - a +3 scimitar of venom (weapon)
 C - a +0 dire flail of protection
Missiles
 c - 4 poisoned darts (quivered)
Armour
 a - a +1 robe (worn)
 i - the +1 scale mail "Rafil" {*Slow rN+++ Str-2 Dex+2}
   (You found it on level 3 of the Dungeon)

   Str:       It affects your strength (-2).
   Dex:       It affects your dexterity (+2).
   rN:        It renders you almost immune to negative energy.
   *Slow:     It may slow you when you take damage.
 u - a scarf of resistance (worn)
Jewellery
 f - a +6 ring of intelligence (left hand)
 F - an amulet of regeneration (around neck)
Wands
 g - a wand of flame (6)
 x - a wand of charming (4)
 E - a wand of iceblast (8)
Scrolls
 e - a scroll of teleportation
 h - a scroll of enchant armour
 k - a scroll of vulnerability
 o - a scroll of enchant weapon
 q - 2 scrolls of noise
 B - a scroll of fear {unknown}
 D - a scroll of immolation {unknown}
Potions
 d - 2 potions of attraction
 l - 2 potions of heal wounds
 m - 2 potions of flight
 n - 3 potions of mutation
 r - a potion of magic
 s - 4 potions of might
 v - 2 potions of haste {unknown}
 w - 2 potions of curing
 z - a potion of berserk rage {unknown}
 G - a potion of brilliance


   Skills:
 - Level 5.0 Fighting
 + Level 1.1 Long Blades
 - Level 5.0 Dodging
 - Level 6.0 Stealth
 - Level 5.0 Spellcasting
 - Level 5.0 Conjurations
 - Level 3.0 Hexes
 - Level 3.0 Translocations
 - Level 3.0 Fire Magic
 - Level 8.0 Ice Magic
 - Level 5.0 Evocations


You had 3 spell levels left.
You knew the following spells:

 Your Spells              Type           Power      Damage    Failure   Level
a - Freeze                Ice            100%       1d11      1%          1
b - Frozen Ramparts       Ice            84%        1d10      1%          3
c - Ozocubu's Armour      Ice            42%        N/A       1%          3
d - Hailstorm             Conj/Ice       35%        3d9       6%          4
e - Ensorcelled Hibernat  Hex/Ice        62%        N/A       1%          2
f - Inner Flame           Hex/Fire       19%        N/A       9%          3

Your spell library contained the following spells:

 Spells                   Type           Power      Damage    Failure   Level
 Foxfire                  Conj/Fire      96%        2x1d8     1%          1
 Conjure Flame            Conj/Fire      24%        6-21      5%          3
 Gell's Gravitas          Tloc           19%        N/A       9%          3
 Lesser Beckoning         Tloc           19%        N/A       9%          3
 Teleport Other           Tloc           19%        N/A       9%          3
 Passwall                 Tmut/Erth      4%         N/A       14%         2
 Swiftness                Air            5%         N/A       28%         3
 Flame Wave               Conj/Fire      24%        2d7       19%         4
 Cause Fear               Hex            9%         N/A       26%         4
 Discord                  Hex            9%         N/A       100%        8


Dungeon Overview and Level Annotations

Branches:
Dungeon (9/15)             Temple (0/1) D:7          Bailey (1/1)
   Lair: D:8-11         Orc: D:9-12

Altars:
Gozag
The Shining One
Ignis

Shops:
D:1 (   D:6 :

Annotations:
D:5 Ijyb
D:8 2 runed translucent doors


Innate Abilities, Weirdness & Mutations

Your serpentine skin is tough. (AC +3)
You have supernaturally acute eyesight. (SInv)
Armour fits poorly on your strangely shaped body.
Your system is resistant to poisons. (rPois)
You cover ground very slowly.
You can spit poison.
You have a snake-like lower body.


Message History

Aiming: Inner Flame (dangerous; 9% risk of failure)
Press: ? - help, Dir - move target, f - orc knight
Aim: an orc knight, wielding a +0 war axe and wearing a +0 chain mail (moderately wounded, chance to affect: 58%)
You miscast Inner Flame.
You are very lightly contaminated with residual magic.
Nothing appears to happen.
The orc knight closely misses you.
Unknown command.
Casting: Inner Flame (dangerous; 9% risk of failure)
Confirm with . or Enter, or press ? or * to list all spells.
Aiming: Inner Flame (dangerous; 9% risk of failure)
Press: ? - help, Dir - move target, f/p - orc knight
Aim: an orc knight, wielding a +0 war axe and wearing a +0 chain mail (moderately wounded, chance to affect: 58%)
You miscast Inner Flame.
Nothing appears to happen.
The orc knight closely misses you.
The orc warrior jeers loudly.
Casting: Inner Flame (dangerous; 9% risk of failure)
Confirm with . or Enter, or press ? or * to list all spells.
Okay, then.
You feel very mighty all of a sudden. The orc knight barely misses you.
You slash the orc knight!
The orc knight is poisoned.
The orc knight is heavily wounded.
The orc knight barely misses you.
You slash the orc knight!
The orc knight looks as sick as possible!
The orc knight is severely wounded.
The orc knight hits you with a +0 war axe!
The orc knight hits you with a +0 war axe!!
You barely miss the orc knight.
The orc knight is severely wounded.
The orc knight closely misses you.
You closely miss the orc knight.
The orc knight is severely wounded.
The orc knight hits you with a +0 war axe!
You barely miss the orc knight. You punch the orc knight.
The orc knight is severely wounded.
The orc knight hits you with a +0 war axe!
* * * LOW HITPOINT WARNING * * *
The orc knight hits you with a +0 war axe!!
You die...

≈≈≈≈####...Koo.####K≈≈
#≈≈≈≈≈K#.oogKoo#K≈≈≈≈≈
#≈≈≈≈#########≈≈≈≈≈.
#≈≈≈≈≈≈≈≈≈≈≈≈≈....
#≈≈≈≈≈≈≈≈≈......
##.............#
##..∩......####
##..(....###
##.@o..#### ##...####
###...## ##....(##
##.......##
#.........#
#....∩....#
#.........#
##.......##


You could see 3 orc knights, 2 orc warriors, a goblin and a kobold.

Vanquished Creatures
  Pikel (D:7)
  Joseph (D:7)
  A hornet (D:8)
  Sigmund (D:5)
  Eustachio (D:5)
  A wyvern (D:7)
  4 steam dragons
  An acid dragon (D:8)
  2 water moccasins (D:5)
  An ice beast (D:7)
  A black bear (D:5)
  A sky beast (D:7)
  An ogre (D:7)
  A necrophage (D:7)
  2 orc warriors
  4 centaurs
  3 lemures (D:7)
  A kobold brigand (D:7)
  3 bullfrogs
  2 scorpions
  A water moccasin zombie (D:6)
  4 killer bees
  8 wights
  An electric eel (D:8)
  2 howler monkeys (D:8)
  2 hounds
  5 orc priests
  A bullfrog skeleton (D:6)
  2 orc wizards
  A scorpion zombie (D:5)
  3 iguanas
  A howler monkey zombie (D:7)
  14 gnolls
  4 adders
  A shadow imp (D:6)
  2 white imps
  3 worms
  5 dart slugs
  23 orcs
  3 ball pythons (D:1)
  4 bats
  10 endoplasms
  3 giant cockroaches
  10 goblins
  8 hobgoblins
  13 jackals
  14 kobolds
  6 quokkas
  4 frilled lizards
  5 rats
196 creatures vanquished.

Vanquished Creatures (others)
  32 foxfires (D:4)
32 creatures vanquished.

Grand Total: 228 creatures vanquished

Notes
Turn   | Place    | Note
-------+----------+-------------------------------------------
     0 | D:1      | enile the Naga Ice Elementalist began the quest for the
                  | Orb.
     0 | D:1      | Reached XP level 1. HP: 15/15 MP: 3/3
    38 | D:1      | Reached skill level 1 in Fighting
   162 | D:1      | Reached XP level 2. HP: 20/25 MP: 0/5
   670 | D:1      | Reached XP level 3. HP: 31/31 MP: 4/7
   674 | D:1      | Learned a level 3 spell: Frozen Ramparts
   825 | D:1      | Found Hoyrapn's Weapon Boutique.
   894 | D:1      | Found a faded altar of an unknown god.
  1306 | D:1      | Prayed at the altar of an unknown god.
  1306 | D:1      | Became a worshipper of Ignis, the Dying Flame
  1732 | D:2      | You fall into a shaft and drop 1 floor!
  1797 | D:3      | Reached XP level 4. HP: 31/40 MP: 4/8
  1970 | D:3      | Identified the +1 scale mail "Rafil" {*Slow rN+++ Str-2
                  | Dex+2}
  2095 | D:3      | Noticed a scorpion
  2099 | D:3      | Killed a scorpion
  2100 | D:3      | Reached XP level 5. HP: 49/49 MP: 9/9
  2690 | D:3      | Reached skill level 5 in Ice Magic
  3526 | D:3      | Learned a level 3 spell: Ozocubu's Armour
  3739 | D:4      | Reached XP level 6. HP: 53/56 MP: 6/10
  3898 | D:4      | Reached skill level 6 in Ice Magic
  4614 | D:5      | Entered Level 5 of the Dungeon
  4614 | D:5      | Noticed a black bear
  4622 | D:5      | Killed a black bear
  4623 | D:5      | Reached XP level 7. HP: 57/62 MP: 4/11
  4769 | D:5      | Noticed Ijyb
  4785 | D:5      | Noticed Sigmund
  4795 | D:5      | Reached skill level 5 in Fighting
  4795 | D:5      | Killed Sigmund
  4796 | D:5      | Reached skill level 5 in Stealth
  5041 | D:5      | Noticed Eustachio
  5058 | D:5      | Killed Eustachio
  5059 | D:5      | Reached XP level 8. HP: 69/74 MP: 3/12
  5360 | D:5      | Reached skill level 5 in Dodging
  5365 | D:5      | Learned a level 4 spell: Hailstorm
  5449 | D:5      | Found a glowing golden altar of the Shining One.
  5489 | D:5      | Reached skill level 1 in Conjurations
  6267 | D:6      | Reached skill level 7 in Ice Magic
  6512 | D:6      | Found Masag's Book Emporium.
  6544 | D:6      | Bought a book of Burglary for 220 gold pieces
  6547 | D:6      | Learned a level 2 spell: Ensorcelled Hibernation
  6604 | D:6      | Reached XP level 9. HP: 44/81 MP: 0/13
  7123 | D:6      | Reached skill level 5 in Conjurations
  7131 | D:6      | Reached skill level 1 in Translocations
  7679 | D:6      | Reached skill level 1 in Hexes
  8203 | D:7      | Found a staircase to the Ecumenical Temple.
  8205 | D:7      | Noticed Joseph
  8440 | D:7      | Killed Joseph
  8441 | D:7      | Reached skill level 5 in Spellcasting
  8714 | D:7      | Learned a level 3 spell: Inner Flame
  8836 | D:7      | Noticed Pikel
  8846 | D:7      | Reached skill level 1 in Fire Magic
  9095 | D:7      | Found an opulent altar of Gozag.
  9168 | D:7      | Killed Pikel
  9169 | D:7      | Reached XP level 10. HP: 88/88 MP: 14/17
  9573 | D:8      | Reached skill level 8 in Ice Magic
  9579 | D:8      | Reached skill level 1 in Evocations
  9906 | D:8      | Paralysed by a hornet for 3 turns
 10082 | D:8      | Found a runed translucent door.
 10086 | D:8      | Found a runed translucent door.
 11565 | D:9      | Reached skill level 5 in Evocations
 11565 | D:9      | Reached skill level 1 in Long Blades
 11611 | D:9      | Found a flagged portal.
 11666 | Bailey   | Entered a bailey
 11673 | Bailey   | Noticed an orc knight
 11699 | Bailey   | Noticed an orc knight
 11720 | Bailey   | Noticed an orc knight
 11733 | Bailey   | Slain by an orc knight

Illustrated notes

Levels and vault maps discovered:
D:1:      kennysheep_arrival_forest, layout_rooms, serial_shops,
          nicolae_shop_bloodbath_and_beyond, shapermc_ecumenical_altar_gd
D:2:      minmay_angry_zag, layout_basic, kennysheep_generic_room_13
D:3:      cheibrodos_old_hovel, layout_loops_corners, minmay_three_crescents
D:4:      layout_cave_pods, minmay_tree_intersection
D:5:      layout_loops_ring, mainiacjoe_overflow_boulevard,
          chequers_serial_rivers_room_b, uniq_eustachio, uniq_sigmund, uniq_ijyb
D:6:      layout_loops_ring, serial_shops, shop_statue, dk_noncrumbling_2
D:7:      layout_rooms, grunt_gozag_statues, minmay_temple_entry_arrows,
          uniq_pikel, uniq_joseph
D:8:      lemuel_insect_pit, layout_basic, dk_noncrumbling_3, lightli_minifort
D:9:      layout_basic, enter_bailey_4
Bailey:   bailey_axe_4, bailey

Skill      XL: |  1  2  3  4  5  6  7  8  9 10 |
---------------+-------------------------------+-----
Fighting       | 1 2 3 5 |  5.0
Spellcasting   | 3 5 |  5.0
Ice Magic      | 5 6 7 8 |  8.0
Dodging        | 3 4 5 |  5.0
Stealth        | 5 6 |  6.0
Conjurations   | 3 5 |  5.0
Translocations | 3 |  3.0
Hexes          | 3 |  3.0
Fire Magic     | 3 |  3.0
Evocations     | 5 |  5.0
Long Blades    | 1 |  1.1

Action                   |  1- 3 |  4- 6 |  7- 9 | 10-12 || total
-------------------------+-------+-------+-------+-------++-------
Melee: Unarmed           |     1 |       |       |       ||     1
       Dagger            |    13 |    37 |       |       ||    50
       Punch             |       |     2 |     2 |     4 ||     8
       Short sword       |       |    18 |   187 |       ||   205
       Scimitar          |       |       |       |    53 ||    53
Throw: Dart              |       |    10 |    10 |    11 ||    31
 Cast: Freeze            |    57 |    32 |    46 |     6 ||   141
       Frozen Ramparts   |     2 |    10 |    30 |     7 ||    49
       Ozocubu's Armour  |       |     4 |    11 |     2 ||    17
       Ensorcelled Hiber |       |       |     9 |       ||     9
       Hailstorm         |       |       |     3 |     6 ||     9
       Inner Flame       |       |       |     1 |     3 ||     4
Invok: Foxfire Swarm     |       |     2 |       |       ||     2
       Rising Flame      |       |       |     1 |       ||     1
       Fiery Armour      |       |       |     1 |       ||     1
 Abil: Spit Poison       |     4 |     5 |     7 |     5 ||    21
  Use: Scroll            |     3 |     1 |    10 |     2 ||    16
       Potion            |       |       |     3 |     2 ||     5
 Stab: Sleeping          |     2 |     3 |     5 |     1 ||    11
Armor: Robe              |    11 |    40 |    98 |    32 ||   181
Dodge: Dodged            |    26 |    42 |   162 |    68 ||   298
